 Dungeon Crawl Stone Soup version 0.31-a0-744-gbc345e7fcb (webtiles) character file.

Game seed: 7350094565894206924

16081 bjtr the Ogre Mage (level 12, 0/174 (189) HPs)
             Began as an Ogre Reaver on Sept 12, 2023.
             Was a Priest of Vehumet.
             Slain by a centaur warrior skeleton (2 damage)
             ... on level 11 of the Dungeon on Sept 14, 2023.
             The game lasted 01:11:13 (12707 turns).

bjtr the Ogre Mage (Ogre Reaver)                   Turns: 12707, Time: 01:11:14

HP:   0/174 (189)   AC: 26    Str: 19    XL:     12   Next: 33%
MP:   23/26         EV:  1    Int: 18    God:    Vehumet [***...]
Gold: 1552          SH:  9    Dex:  9    Spells: 6/31 levels left

rFire   . . .        R - +10 spear "Haynkuobb" {freeze, Drain Dex+2 Stlth+}
rCold   . . .        U - +2 kite shield
rNeg    . . .        N - melded +0 acid dragon scales
rPois   +            J - melded +0 hat
rElec   .            s - melded scarf {rC+ rF+}
rCorr   .            (gloves unavailable)
SInv    .            (boots unavailable)
Will    +....        S - amulet of regeneration
Stlth   +++          d - +5 ring of evasion
HPRegen 1.29/turn    Q - ring of wizardry
MPRegen 0.20/turn

%: wizardry (x1)
@: brilliant, tree-form, slightly contaminated, hasted and slowed, drained
A: stationary, stasis, torment immunity, boosted hp, large, unfitting armour,
(tough skin 1)
a: Renounce Religion


You were on level 11 of the Dungeon.
You worshipped Vehumet.
Vehumet was most pleased with you.
You were a tree.
You visited 2 branches of the dungeon, and saw 12 of its levels.
You also visited: Sewer.

You collected 1552 gold pieces.

Inventory:

Hand Weapons
 a - a +0 hand axe
 c - a +0 flail
 f - a +0 mace
 k - a +0 sling
 m - a +1 spear of venom
 t - a +2 quarterstaff of chaos
 v - the +4 dagger "Yxywnu Avvy" {heavy, Fly rPois}
   (You found it on level 4 of the Dungeon)

   rPois:     It protects you from poison Fly: It grants you flight.
 A - a +0 scimitar
 F - a +0 trident
 K - a +1 giant spiked club
 O - a +1 vampiric spear
 R - the +10 spear "Haynkuobb" (weapon) {freeze, Drain Dex+2 Stlth+}
   (You found it on level 9 of the Dungeon)

   Dex+2:     It affects your dexterity (+2).
   Drain:     It drains your maximum health when unequipped.
   Stlth+:    It makes you more stealthy.
 T - a +1 shortbow of freezing
Missiles
 e - 2 darts of dispersal
 w - 15 poisoned darts
 D - a throwing net
 L - 3 javelins
 P - 3 atropa-tipped darts
 Z - 2 datura-tipped darts
Armour
 s - a scarf of resistance (melded)
 u - a +0 cloak
 G - an orb of light
 H - a +2 robe of willpower
 J - a +0 hat (melded)
 N - +0 acid dragon scales (melded)
 U - a +2 kite shield (worn)
 X - a +0 troll leather armour
Jewellery
 d - a +5 ring of evasion (left branch)
 o - a ring of poison resistance
 Q - a ring of wizardry (right branch)
 S - an amulet of regeneration (around neck)
Talismans
 p - a talisman of death
Wands
 b - a wand of iceblast (5)
 r - a wand of flame (22)
 x - a wand of acid (21)
 C - a wand of charming (15)
 Y - a wand of polymorph (6)
Scrolls
 h - 3 scrolls of teleportation
 i - 2 scrolls of revelation
 q - a scroll of fog
 y - 2 scrolls of amnesia
 W - 4 scrolls of identify
Potions
 j - a potion of attraction
 l - 2 potions of mutation
 z - a potion of magic
 B - a potion of lignification
 E - 3 potions of enlightenment
 M - a potion of resistance


   Skills:
 + Level 9.7 Fighting
 - Level 3.7(4.0) Axes
 + Level 1.8(3.0) Polearms
 + Level 4.3 Armour
 - Level 6.2 Dodging
 - Level 3.0 Stealth
 * Level 2.7 Shields
 + Level 10.0 Spellcasting
 * Level 8.1 Conjurations
 - Level 1.2 Translocations
 - Level 1.0 Transmutations
 * Level 3.6 Fire Magic
 - Level 1.2 Air Magic
 + Level 5.0 Earth Magic
 + Level 5.1 Poison Magic


You had 6 spell levels left.
You knew the following spells:

 Your Spells              Type           Power      Damage    Failure   Level
a - Kiss of Death         Conj/Necr      100%       2d13      1%          1
b - Momentum Strike       Conj/Tloc      76%        3d10      1%          2
c - Hailstorm             Conj/Ice       35%        3d9       1%          3
d - Mephitic Cloud        Conj/Pois/Air  39%        N/A       1%          3
e - Ignite Poison         Fire/Tmut/Pois 31%        N/A       1%          3
f - Passwall              Tmut/Erth      24%        N/A       3%          2
g - Stone Arrow           Conj/Erth      98%        3d13      1%          3
h - Scorch                Fire           66%        2d7       1%          2
i - Starburst             Conj/Fire      22%        6d8       26%         6

Your spell library contained the following spells:

 Spells                   Type           Power      Damage    Failure   Level
 Flame Wave               Conj/Fire      45%        2d12      2%          4
 Sandblast                Erth           80%        2d17      1%          1
 Poisonous Vapours        Pois/Air       60%        N/A       1%          2
 Freeze                   Ice            52%        1d6       2%          1
 Cigotuvi's Dreadful Rot  Necr/Pois/Air  48%        N/A       5%          2
 Fireball                 Conj/Fire      22%        3d10      6%          5
 Frozen Ramparts          Ice            26%        1d4       7%          3
 Call Canine Familiar     Summ           13%        N/A       24%         3
 Sigil of Binding         Hex            13%        N/A       24%         3
 Leda's Liquefaction      Hex/Erth       13%        N/A       28%         4
 Manifold Assault         Tloc           20%        N/A       43%         4
 Dimensional Bullseye     Hex/Tloc       8%         N/A       52%         4
 Summon Ice Beast         Ice/Summ       13%        N/A       58%         4
 Summon Forest            Summ/Tloc      8%         N/A       85%         5
 Summon Mana Viper        Hex/Summ       13%        N/A       89%         5
 Dispersal                Tloc           10%        N/A       99%         6
 Summon Cactus Giant      Summ           6%         N/A       100%        6
 Monstrous Menagerie      Summ           6%         N/A       100%        7
 Ozocubu's Refrigeration  Ice            6%         4d8       100%        7
 Disjunction              Tloc           10%        N/A       100%        8


Dungeon Overview and Level Annotations

Branches:
Dungeon (11/15)            Temple (1/1) D:5            Lair (0/5) D:9
  Sewer (visited)
    Orc: D:9-12

Altars:
Ashenzari
Cheibriados
Dithmenos
Elyvilon
Fedhas
Gozag
Hepliaklqana
Kikubaaqudgha
Makhleb
Nemelex Xobeh
Okawaru
Qazlal
Ru
Sif Muna
Trog
Uskayaw
Vehumet
Wu Jian
Xom
Yredelemnul
Zin
The Shining One

Shops:
D:2 *   D:10 [

Annotations:
D:11 Sonja


Innate Abilities, Weirdness & Mutations

You are a tree.
Your roots penetrate the ground, keeping you stationary.
You cannot be teleported.
You are immune to unholy pain and torment.
Your maximum health is greatly increased.
Your equipment is partially melded.
You are too large for most types of armour.
((You have tough skin. (AC +1)))


Message History

The centaur warrior skeleton kicks you but does no damage.
The wight hits you but does no damage. You block the wight's attack.
The shadow hits you!
* * * LOW HITPOINT WARNING * * *
The wight hits you with a +1 great sword!
* * * LOW HITPOINT WARNING * * *
You feel drained.
* * * LOW HITPOINT WARNING * * *
Unknown command.
Unknown command.
Unknown command.
Casting: Starburst (dangerous; 26% risk of failure)
Confirm with . or Enter, or press ? or * to list all spells.
Casting: Starburst (dangerous; 26% risk of failure)
Press: ? - help, Dir - look around, f - activate
Okay, then.
Unknown command.
Unknown command.
You feel clever all of a sudden.
The centaur warrior skeleton hits you but does no damage.
The centaur warrior skeleton kicks you but does no damage.
The wight hits you but does no damage. x2; The shadow hits you.
You block the wight's attack.
The centaur warrior skeleton hits you but does no damage.
The centaur warrior skeleton kicks you but does no damage.
Unknown command.
Casting: Starburst (dangerous; 26% risk of failure)
Confirm with . or Enter, or press ? or * to list all spells.
Casting: Starburst (dangerous; 26% risk of failure)
Press: ? - help, Dir - look around, f - activate You feel a surge of power!
You miscast Starburst.
You are lightly contaminated with residual magic.
You feel a strange surge of energy!
* * * LOW HITPOINT WARNING * * *
The wight hits you with a +4 mace.
* * * LOW HITPOINT WARNING * * *
You feel drained.
* * * LOW HITPOINT WARNING * * *
You block the wight's attack. The centaur warrior skeleton hits you.
You die... #... #... ## #..# ## .##..##.# .#ZZ#.# #. zzZZ# #.# #.####Wz####.#.# #..')/♣Z?.'..#.# #.####zz####.#.# zWWZ#

#.# .#ZZ#Z#
#.######## .##ZZ##.#
#.........
####ZZ######.........
H
...ZZWp.pW...##..####
.[ ......:ZzW.####..#
... ############ #..#


You could see a necromancer, a wraith, 3 shadows, 3 flying skulls, 3 wights, 2
boggart zombies, 5 centaur warrior zombies, 7 centaur warrior skeletons and a
howler monkey skeleton.

Vanquished Creatures
  3 two-headed ogres
  A tengu warrior (D:9)
  The ghost of arthad the Firebug, a novice DrFE (D:10)
  A deep elf knight (D:9)
  A wizard (D:9)
  The ghost of riellis1 the Skirmisher, a novice FoHu of Qazlal (D:7)
  An ugly thing (D:9)
  A centaur zombie (D:11)
  An unseen horror (D:9)
  A centaur skeleton (D:11)
  A komodo dragon (D:9)
  A troll (D:10)
  A hornet (D:9)
  A polar bear (D:9)
  A flying skull (D:11)
  Sigmund (D:3)
  A wyvern (D:9)
  2 wraiths
  20 yaks
  An unseen horror simulacrum (D:9)
  2 steam dragons
  8 vampire mosquitoes (D:10)
  A warg (D:7)
  A water moccasin (D:7)
  Pargi (D:3)
  7 orc warriors
  A sky beast (D:6)
  A black bear (D:6)
  2 ice beasts (D:9)
  2 ogres
  2 wolves (D:9)
  4 centaurs
  2 phantoms
  A kobold brigand (D:10)
  9 bullfrogs
  A gnoll sergeant (D:9)
  5 scorpions
  6 killer bees (D:8)
  2 howler monkeys (D:8)
  2 electric eels (D:9)
  A wyvern simulacrum (D:9)
  A jelly (D:7)
  2 hounds (D:4)
  9 orc priests
  Crazy Yiuf (D:3)
  3 iguanas
  5 orc wizards
  14 adders
  A shadow imp (D:7)
  8 white imps
  A howler monkey simulacrum (D:9)
  4 ufetubi (D:9)
  2 worms
  2 dart slugs
  31 orcs
  14 endoplasms
  9 giant cockroaches
  6 goblins
  10 hobgoblins
  8 jackals
  9 kobolds
  8 quokkas
  12 ball pythons
  4 bats (D:1)
  18 frilled lizards
  4 rats (D:2)
289 creatures vanquished.

Vanquished Creatures (others)
  A sky beast (D:7)
1 creature vanquished.

Grand Total: 290 creatures vanquished

Notes
Turn   | Place    | Note
-------+----------+-------------------------------------------
     0 | D:1      | bjtr the Ogre Reaver began the quest for the Orb.
     0 | D:1      | Reached XP level 1. HP: 22/22 MP: 3/3
    87 | D:1      | Reached XP level 2. HP: 29/29 MP: 5/5
    92 | D:1      | Learned a level 2 spell: Momentum Strike
   259 | D:1      | You fall into a shaft and drop 1 floor!
   366 | D:1      | Reached XP level 3. HP: 33/37 MP: 6/6
   726 | D:1      | Learned a level 3 spell: Hailstorm
  1121 | D:2      | Reached XP level 4. HP: 45/45 MP: 4/7
  1242 | D:2      | Found Amymeil's General Store.
  1698 | D:3      | Noticed Pargi
  1708 | D:3      | Killed Pargi
  1709 | D:3      | Reached skill level 3 in Spellcasting
  1709 | D:3      | Reached XP level 5. HP: 25/54 MP: 2/10
  2098 | D:3      | Noticed Sigmund
  2108 | D:3      | Killed Sigmund
  2109 | D:3      | Reached skill level 1 in Stealth
  2109 | D:3      | Reached XP level 6. HP: 45/63 MP: 9/11
  2282 | D:3      | Found a runed translucent door.
  2283 | D:3      | Noticed Crazy Yiuf
  2289 | D:3      | Killed Crazy Yiuf
  2290 | D:3      | Reached skill level 1 in Translocations
  2422 | D:4      | Reached skill level 4 in Spellcasting
  2442 | D:4      | Reached XP level 7. HP: 50/71 MP: 11/13
  2618 | D:4      | Found a glowing drain.
  2635 | Sewer    | Entered a sewer
  3021 | Sewer    | Reached skill level 5 in Fighting
  3089 | Sewer    | Got the Atlas of Nausea
  3094 | Sewer    | Learned a level 3 spell: Mephitic Cloud
  3098 | Sewer    | Learned a level 3 spell: Ignite Poison
  3210 | D:4      | Identified the +4 dagger "Yxywnu Avvy" {heavy, Fly rPois}
  3273 | D:4      | Learned a level 2 spell: Passwall
  3752 | D:5      | Entered Level 5 of the Dungeon
  3906 | D:5      | Reached XP level 8. HP: 25/81 MP: 12/15
  4095 | D:5      | Found a staircase to the Ecumenical Temple.
  4122 | Temple   | Entered the Ecumenical Temple
  4127 | Temple   | Became a worshipper of Vehumet
  4244 | D:5      | Reached skill level 5 in Spellcasting
  4275 | D:5      | Identified a scroll of acquirement
  4275 | D:5      | Acquired 908 gold pieces
  4704 | D:5      | Upgraded the game from 0.31-a0-728-g01b46875f1 to
                  | 0.31-a0-743-g45f7035092
  4722 | D:6      | Learned a level 3 spell: Stone Arrow
  5078 | D:6      | Reached skill level 5 in Dodging
  5665 | D:6      | Found an opulent altar of Gozag.
  5997 | D:7      | Found an ornate altar of the Wu Jian Council.
  6028 | D:7      | Reached skill level 5 in Conjurations
  6099 | D:7      | Reached skill level 6 in Spellcasting
  6099 | D:7      | Reached XP level 9. HP: 61/92 MP: 3/18
  6105 | D:7      | Reached skill level 1 in Poison Magic
  6383 | D:7      | Found a sparkling altar of Nemelex Xobeh.
  6676 | D:7      | Found a bloodstained altar of Trog.
  6676 | D:7      | Found a faded altar of an unknown god.
  6684 | D:7      | Found a shimmering blue altar of Sif Muna.
  6686 | D:7      | Found a shadowy altar of Dithmenos.
  6688 | D:7      | Found a faded altar of an unknown god.
  6745 | D:7      | Found a runed translucent gate.
  6746 | D:7      | Found a runed translucent gate.
  6751 | D:7      | Noticed riellis1's ghost (novice FoHu)
  6754 | D:7      | Found a runed translucent gate.
  6823 | D:7      | Reached * piety under Vehumet
  6823 | D:7      | Offered knowledge of Shock by Vehumet.
  6824 | D:7      | Reached skill level 1 in Air Magic
  6833 | D:7      | Killed riellis1's ghost
  6834 | D:7      | Reached skill level 1 in Transmutations
  6856 | D:7      | Reached skill level 7 in Spellcasting
  6856 | D:7      | Reached skill level 1 in Fire Magic
  7044 | D:7      | Reached skill level 1 in Earth Magic
  7381 | D:8      | Noticed a two-headed ogre
  7389 | D:8      | Killed a two-headed ogre
  7390 | D:8      | Reached XP level 10. HP: 88/102 MP: 8/21
  7598 | D:8      | Reached skill level 8 in Spellcasting
  9427 | D:9      | Offered knowledge of Searing Ray by Vehumet.
  9439 | D:9      | Reached ** piety under Vehumet
  9479 | D:9      | Reached skill level 9 in Spellcasting
  9637 | D:9      | Identified the +10 spear "Haynkuobb" {freeze, Drain Dex+2
                  | Stlth+}
  9681 | D:9      | Reached skill level 1 in Armour
  9686 | D:9      | Reached XP level 11. HP: 77/113 MP: 18/24
 10111 | D:9      | Noticed a two-headed ogre
 10115 | D:9      | Killed a two-headed ogre
 10323 | D:9      | Upgraded the game from 0.31-a0-743-g45f7035092 to
                  | 0.31-a0-744-gbc345e7fcb
 10737 | D:9      | Offered knowledge of Scorch by Vehumet.
 10741 | D:9      | Learned a level 2 spell: Scorch
 10756 | D:9      | Noticed a two-headed ogre
 10774 | D:9      | Killed a two-headed ogre
 11055 | D:9      | Found a staircase to the Lair.
 11116 | D:9      | Found a runed translucent door.
 11116 | D:9      | Noticed a green ugly thing
 11122 | D:9      | Killed a green ugly thing
 11154 | D:9      | Noticed a tengu warrior
 11160 | D:9      | Killed a tengu warrior
 11174 | D:9      | Noticed a wizard
 11180 | D:9      | Noticed a deep elf knight
 11184 | D:9      | Killed a wizard
 11187 | D:9      | Killed a deep elf knight
 11187 | D:9      | Reached *** piety under Vehumet
 11237 | D:9      | Got Kumank's Precepts of Energetic Snow
 11471 | D:10     | Entered Level 10 of the Dungeon
 11614 | D:10     | Reached skill level 1 in Shields
 11614 | D:10     | Reached XP level 12. HP: 82/124 MP: 21/25
 11856 | D:10     | Reached skill level 5 in Earth Magic
 11871 | D:10     | Reached skill level 1 in Polearms
 12043 | D:10     | Found a blossoming altar of Fedhas.
 12202 | D:10     | Found a runed translucent door.
 12203 | D:10     | Noticed arthad's ghost (novice DrFE)
 12257 | D:10     | Found Ulakutop's Antique Armour Shop.
 12331 | D:10     | Offered knowledge of Flame Wave by Vehumet.
 12334 | D:10     | Reached skill level 5 in Poison Magic
 12461 | D:10     | Learned a level 6 spell: Starburst
 12523 | D:10     | Killed arthad's ghost
 12640 | D:11     | Noticed Sonja
 12688 | D:11     | Reached skill level 10 in Spellcasting
 12707 | D:11     | HP: 5/177 [wight/+4 mace (6)]
 12707 | D:11     | HP: 2/174 [wight/+4 mace (3)]
 12707 | D:11     | Slain by a centaur warrior skeleton

Illustrated notes

Levels and vault maps discovered:
D:1:      co_arrival_hexagon_in_a_hexagon, layout_loops_ring,
          kennysheep_decorative_pillar
D:2:      layout_basic, serial_shops, nicolae_shop_gibbet_a_chance,
          minmay_heptomino_l4
D:3:      layout_rooms, serial_bayou_pond_d, uniq_pargi,
          uniq_crazy_yiuf_cottage, uniq_sigmund
D:4:      cheibrodos_helix_gallery, layout_loops_ring,
          cheibrodos_sewer_entry_bend
D:5:      layout_loops_ring, minmay_temple_entry_drinking_statues
D:6:      layout_gridville, mainiacjoe_overflow_paths,
          nicolae_concentric_dashed_squares_mild
D:7:      layout_rooms, mainiacjoe_overflow_large_starburst,
          chequers_temple_overflow_minitemple, biasface_ghost_orc_armoury,
          moated_statue
D:8:      layout_gridville, eino_jars
D:9:      minmay_spotlight, layout_loops_ring, grunt_lair_entry_orc_guard_hut,
          serial_ice, serial_ice_k, serial_ice_c, serial_ice_h, serial_ice_m,
          serial_ice_e, serial_ice_a, serial_ice_f, serial_ice_n,
          minmay_misc_feat_hallway, minmay_door_square, minivault_13
D:10:     layout_long_grid, fedhas_bush_and_centaur_altar,
          gammafunk_ghost_grave, serial_shops,
          nicolae_shop_pleasant_corner_grove, minmay_misc_feat_rows,
          minmay_fountain_box, dk_noncrumbling_2
D:11:     hangedman_screamer, layout_long_grid, orc_0_dummy, uniq_sonja,
          uniq_grum, uniq_psyche
Temple:   minmay_freezing_vapour_temple

Skill      XL: |  1  2  3  4  5  6  7  8  9 10 11 12 |
---------------+-------------------------------------+-----
Dodging        | 2 3 4 5 6 |  6.2
Fighting       | 3 4 5 6 7 8 9 |  9.7
Conjurations   | 3 4 5 6 7 8 |  8.1
Spellcasting   | 3 4 6 7 9 10 | 10.0
Stealth        | 1 2 3 |  3.0
Translocations | 1 |  1.2
Poison Magic   | 2 3 4 5 |  5.1
Air Magic      | 1 |  1.2
Transmutations | 1 |  1.0
Fire Magic     | 1 2 3 |  3.6
Earth Magic    | 2 3 4 5 |  5.0
Armour         | 1 4 |  4.3
Shields        | 1 2 |  2.7
Polearms       | 1 |  1.8
Axes           | |  3.7

Action                     |  1- 3 |  4- 6 |  7- 9 | 10-12 || total
---------------------------+-------+-------+-------+-------++-------
  Melee: Hand axe          |   144 |    46 |       |       ||   190
         Spear             |       |    81 |   406 |   361 ||   848
         Punch             |       |     2 |     2 |     3 ||     7
   Cast: Momentum Strike   |     2 |     8 |     4 |       ||    14
         Kiss of Death     |       |     1 |       |       ||     1
         Mephitic Cloud    |       |       |    16 |    56 ||    72
         Stone Arrow       |       |       |     6 |    17 ||    23
         Ignite Poison     |       |       |     9 |    39 ||    48
         Hailstorm         |       |       |     2 |       ||     2
         Scorch            |       |       |       |     2 ||     2
  Evoke: Wand              |       |       |       |     1 ||     1
    Use: Scroll            |       |     5 |     7 |     8 ||    20
         Potion            |       |       |     1 |     9 ||    10
   Stab: Sleeping          |       |     1 |     3 |     1 ||     5
         Confused          |       |       |     1 |    10 ||    11
 Armour: Robe              |    94 |    78 |   230 |    50 ||   452
         Acid dragon scale |       |       |       |   216 ||   216
         Skin              |       |       |       |    29 ||    29
  Dodge: Dodged            |    72 |    71 |   285 |   333 ||   761
  Block: Kite shield       |       |       |       |    88 ||    88

Table legend: (Time is in decaauts)
 A = Elapsed time spent in this place.
 B = Non-inter-level travel time spent in this place.
 C = Inter-level travel time spent in this place.
 D = Time resting spent in this place.
 E = Time spent auto-exploring this place.
 F = Levels seen in this place.
 G = Mean time per level.
                   A        B        C        D        E       F      G
               +--------+--------+--------+--------+--------+-----+--------+
         Total |  12756 |  12367 |    389 |   2976 |   6562 |  13 |  981.2 |
       Dungeon |  12258 |  11869 |    389 |   2976 |   6300 |  11 | 1114.4 |
        Temple |     14 |     14 |      0 |      0 |      0 |   1 |   14.0 |
         Sewer |    483 |    483 |      0 |      0 |    262 |   1 |  483.0 |
               +--------+--------+--------+--------+--------+-----+--------+

Top non-repeatable levels by time:
     D:8: 2173 daAuts
     D:9: 1976 daAuts
     D:7: 1422 daAuts
     D:6: 1206 daAuts
    D:10: 1147 daAuts
     D:1: 1019 daAuts
     D:4: 1011 daAuts
     D:5: 797 daAuts
     D:3: 715 daAuts
     D:2: 684 daAuts
   Sewer: 483 daAuts
    D:11: 103 daAuts
  Temple: 14 daAuts
